[Event "Early-Titled-Tuesday-Blitz-October-17-2023"]
[Site "Chess.com"]
[Date "2023.10.17"]
[Round "6"]
[White "Aleksandar-Topalov"]
[Black "Tonychess32"]
[Result "0-1"]
[WhiteElo "2341"]
[BlackElo "2503"]
[TimeControl "180+1"]
[EndTime "9:09:38 PDT"]
[Termination "Tonychess32 won by checkmate"]

1. b3 Nf6 2. Bb2 e6 3. Nf3 d5 4. e3 Be7 5. d4 b6 6. Nbd2 O-O 7.
Bd3 c5 8. Ne5 Bb7 9. O-O Nc6 10.
f4 Rc8 11. a3 Ne4 12. Rf3 Nxe5 13. dxe5 c4 14. bxc4 Nxd2 15. Bxh7+ Kxh7 16. Rh3+ Kg8 17. Qh5 f5 18. Qh7+ Kf7 19. Qh5+ g6 20. Qh7+ Ke8 21. Qxg6+ Kd7 22. Rh6 Kc7 23. Qxe6 Qd7 24.
cxd5 Bxd5 25. Qxd7+ Kxd7 26. Bd4 Rxc2 27. Rd1 Rfc8 28.
Rh7 Rc1 29. e6+ Kxe6 30. Rxc1 Rxc1+ 31. Kf2 Ne4+ 32. Ke2 Bc4+ 33. Kf3 Rf1# 0-1

[Event "Early-Titled-Tuesday-Blitz-October-17-2023"]
[Site "Chess.com"]
[Date "2023.10.17"]
[Round "6"]
[White "ChessPromotionAlex"]
[Black "Khromkin"]
[Result "1-0"]
[WhiteElo "2673"]
[BlackElo "2519"]
[TimeControl "180+1"]
[EndTime "9:09:45 PDT"]
[Termination "ChessPromotionAlex won by resignation"]

1. e4 c5 2. Nf3 Nc6 3. d4 cxd4 4. Nxd4 g6 5. c4 Bg7 6. Be3 Nf6 7. Nc3 Ng4 8. Qxg4 Nxd4 9. Qd1 Ne6 10. Rc1 Qa5 11. Bd3 b6 12. O-O Bb7 13. a3 O-O 14. Kh1 Bd4 15. b4 Qe5 16. Bxd4 Qxd4 17. Nd5 Bxd5 18.
cxd5 Nf4 19. Bb1 Qe5 20. g3 Nh3 21. Kg2 f5 22. Kxh3 fxe4 23. Kg2 e3 24. Qe2 Qxd5+ 25. f3 Qb3 26. Ba2 Qxa2 27. Qxa2+ e6 28. Qe2 d5 29.
Qxe3 Rae8 30. Qe5 Rf7 31. Rc7 Ref8 32. Qxe6 1-0

[Event "Early-Titled-Tuesday-Blitz-October-17-2023"]
[Site "Chess.com"]
[Date "2023.10.17"]
[Round "6"]
[White "Nitzan_Steinberg"]
[Black "TregubovP"]
[Result "1-0"]
[WhiteElo "2846"]
[BlackElo "2609"]
[TimeControl "180+1"]
[EndTime "9:09:46 PDT"]
[Termination "Nitzan_Steinberg won on time"]

1. Nf3 d5 2. g3 c5 3. Bg2 Nc6 4. O-O e5 5. d3 Nf6 6. e4 Be7 7. Nc3 d4 8. Ne2 O-O 9. Ne1 b5 10. h3 c4 11. f4 Nd7 12. Nf3 f6 13. g4 Nc5 14. Ng3 Ba6 15. b3 Rc8 16. f5 cxd3 17. cxd3 b4 18. Ne1 Nb7 19. h4 Nd6 20.
Bd2 Nb5 21. Qf3 Nc3 22. Kh2 Nb8 23. Rg1 Nd7 24. Bf1 Kh8 25. Nh1 h6 26. Nf2 Nc5 27. Qh3 Kg8 28. Nf3 Rc6 29. g5 fxg5 30. hxg5 hxg5 31.
Ng4 Bxd3 32. Nfxe5 Qc7 33. Bxd3 Bd6 34. Bc4+ Rf7 35. Bxf7+ Qxf7 36. Kg2 Qe8 37. Rh1 Bxe5 38. Qh8+ 1-0

[Event "Early-Titled-Tuesday-Blitz-October-17-2023"]
[Site "Chess.com"]
[Date "2023.10.17"]
[Round "6"]
[White "beccrajoy"]
[Black "InitiatingASC"]
[Result "0-1"]
[WhiteElo "2009"]
[BlackElo "2356"]
[TimeControl "180+1"]
[EndTime "9:09:46 PDT"]
[Termination "InitiatingASC won by resignation"]

1. e4 c5 2. Nf3 Nc6 3. d4 cxd4 4. Nxd4 Nf6 5. Nc3 e5 6. Ndb5 h6 7. Nd6+ Bxd6 8. Qxd6 Qe7 9. Nb5 Qxd6 10. Nxd6+ Ke7 11.
Nf5+ Kf8 12. Bd3 Nb4 13. O-O Nxd3 14. cxd3 d5 15. Nd6 Ke7 16. Nxc8+ Raxc8 17. exd5 Nxd5 18. Re1 Kf6 19. b3 Rc2 20. Ba3 Nf4 21. Bd6 Nxd3 22. Re3 Rd2 23. g3 Rd8 24. Ba3 Kg6 25. Rf3 e4 26. Re3 Nxf2 27. Rf1 Nh3+ 28. Kh1 Rxa2 29. Be7 Rdd2 0-1

[Event "Early-Titled-Tuesday-Blitz-October-17-2023"]
[Site "Chess.com"]
[Date "2023.10.17"]
[Round "6"]
[White "LuisFSiles"]
[Black "Manukyan_Artak"]
[Result "0-1"]
[WhiteElo "2324"]
[BlackElo "2482"]
[TimeControl "180+1"]
[EndTime "9:09:54 PDT"]
[Termination "Manukyan_Artak won by resignation"]

1. e4 c6 2. d4 d5 3. exd5 cxd5 4. c4 Nf6 5. Nc3 g6 6. cxd5 Bg7 7. Bb5+ Nbd7 8. d6 exd6 9. Qe2+ Kf8 10. Bf4 Nb6 11.
Nf3 Bf5 12. O-O a6 13. Bd3 Bxd3 14. Qxd3 Nfd5 15. Bg5 Qd7 16. Rae1 h6 17. Bd2 Kg8 18. h4 Nf6 19. d5 Kh7 20. Be3 Na4 21. Nd1 Rhe8 22. b3 Nc5 23. Qc4 b5 24. Qf4 Nxd5 25. Qg3 Nd3 26. h5 Nxe1 27. hxg6+ fxg6 28. Rxe1 Qf5 29. Nd4 Bxd4 0-1

[Event "Early-Titled-Tuesday-Blitz-October-17-2023"]
[Site "Chess.com"]
[Date "2023.10.17"]
[Round "6"]
[White "Maluco_do_Natal_00"]
[Black "rikchessmx"]
[Result "0-1"]
[WhiteElo "1992"]
[BlackElo "2265"]
[TimeControl "180+1"]
[EndTime "9:09:55 PDT"]
[Termination "rikchessmx won on time"]

1. e4 e5 2. Nf3 Nc6 3. Bb5 Bc5 4. c3 Qf6 5. O-O Nge7 6. d4 exd4 7. Bg5 Qg6 8. Bxe7 Bxe7 9. cxd4 Qxe4 10. Re1 Qf5 11. d5 Kd8 12. Nc3 Nb8 13. Nd4 Qg6 14. Bd3 Qf6 15.
Qe2 Bb4 16. Qe4 Bxc3 17. bxc3 d6 18. Bb5 Bd7 19. Bd3 Na6 0-1

[Event "Early-Titled-Tuesday-Blitz-October-17-2023"]
[Site "Chess.com"]
[Date "2023.10.17"]
[Round "6"]
[White "Mykola-Bortnyk"]
[Black "MightyGMpretender"]
[Result "1-0"]
[WhiteElo "2980"]
[BlackElo "2831"]
[TimeControl "180+1"]
[EndTime "9:10:00 PDT"]
[Termination "Mykola-Bortnyk won by checkmate"]

1. e4 g6 2. d4 Bg7 3. Nc3 a6 4. a4 d6 5. Bc4 Nf6 6. Qe2 O-O 7. Nf3 Nc6 8. e5 dxe5 9. dxe5 Ng4 10. Bf4 Nd4 11.
Qe4 Nxf3+ 12. gxf3 Bf5 13. Qe2 Qd4 14. fxg4 Qxf4 15. gxf5 Qxf5 16. Bd3 Qxe5 17. Qxe5 Bxe5 18. O-O-O b5 19. Be4 Rab8 20. axb5 axb5 21. Nd5 Bd6 22. c3 Rfc8 23. h4 h5 24. Rhe1 Kf8 25. Kc2 e6 26. Nb4 Bxb4 27. cxb4 c5 28. Rd7 cxb4+ 29. Kb3 Rc4 30.
f3 Re8 31. Ra1 Re7 32. Ra8+ Re8 33. Raa7 f5 34. Bd3 Rxh4 35. Bxb5 Rb8 36. Rh7 Kg8 37.
Bc4 Re8 38. Rag7+ Kf8 39. Rxg6 Rf4 40. Bxe6 Rxf3+ 41. Kxb4 Rf4+ 42. Kc5 Rg4 43. Rf7# 1-0

[Event "Early-Titled-Tuesday-Blitz-October-17-2023"]
[Site "Chess.com"]
[Date "2023.10.17"]
[Round "6"]
[White "Let_it_be_1"]
[Black "eljanov"]
[Result "1-0"]
[WhiteElo "2648"]
[BlackElo "2848"]
[TimeControl "180+1"]
[EndTime "9:10:00 PDT"]
[Termination "Let_it_be_1 won by resignation"]

1. e4 c6 2. d4 d5 3. Nd2 dxe4 4.
Nxe4 Nf6 5. Nxf6+ exf6 6. c3 Bd6 7. Bd3 O-O 8. Ne2 Re8 9. Qc2 h5 10. Be3 Nd7 11. O-O-O Nf8 12. c4 h4 13. h3 Be6 14.
Nc3 Rc8 15. c5 Bb8 16. Be4 Qa5 17. a3 b6 18. Qa4 Qxa4 19. Nxa4 Bb3 20. Bc2 Bxc2 21.
Kxc2 b5 22. Nc3 Ne6 23. d5 cxd5 24. Rxd5 Bf4 25. b4 Bxe3 26. fxe3 Ng5 27. Nxb5 Rxe3 28.
Rd3 Re2+ 29. Rd2 Re7 30. Rhd1 Kh7 31. Rd7 Re2+ 32. R1d2 Rxd2+ 33. Kxd2 a6 34. Na7 Re8 35. c6 1-0

[Event "Early-Titled-Tuesday-Blitz-October-17-2023"]
[Site "Chess.com"]
[Date "2023.10.17"]
[Round "6"]
[White "pirulillo"]
[Black "Rital44"]
[Result "1-0"]
[WhiteElo "2345"]
[BlackElo "2479"]
[TimeControl "180+1"]
[EndTime "9:10:00 PDT"]
[Termination "pirulillo won by resignation"]

1. e4 c5 2. Nf3 Nc6 3. b4 cxb4 4. d4 e6 5. d5 Nb8 6. Bb2 Nf6 7. Bd3 d6 8. dxe6 Bxe6 9. Nbd2 Be7 10. O-O O-O 11.
Nd4 Bg4 12. f3 Bd7 13. f4 Nc6 14. N2b3 a5 15. Nxc6 bxc6 16. e5 Bg4 17. Qe1 dxe5 18. fxe5 Nd5 19. Qg3 Be6 20. Nd4 Bc5 21. Kh1 Nc3 22.
Nxe6 fxe6 23. Qh3 g6 24. Qxe6+ Kh8 25. Bxc3 bxc3 26. Rxf8+ Bxf8 27. Rf1 Bg7 28. Bc4 Qe8 29. Qxe8+ Rxe8 30. e6 Kg8 31. e7+ Kh8 32. Rf7 Bh6 33. g3 c5 34. Bb5 1-0

[Event "Early-Titled-Tuesday-Blitz-October-17-2023"]
[Site "Chess.com"]
[Date "2023.10.17"]
[Round "6"]
[White "jasonbolivar"]
[Black "OLDTERMINATOR"]
[Result "1-0"]
[WhiteElo "2315"]
[BlackElo "1638"]
[TimeControl "180+1"]
[EndTime "9:10:01 PDT"]
[Termination "jasonbolivar won on time"]

1. e4 e6 2. d4 d5 3. Nc3 Bb4 4. e5 c5 5. a3 Bxc3+ 6. bxc3 Ne7 7. Qg4 Qc7 8. Qxg7 Rg8 9. Qxh7 cxd4 10. Ne2 Nbc6 11. f4 Bd7 12. h4 dxc3 13. h5 O-O-O 14. Qd3 d4 15. h6 Rh8 16. g4 Rdg8 17. g5 Nf5 18. Rb1 Na5 19. Nxd4 Nxd4 20. Qxd4 b6 21.
Rh3 Bc6 22. Ba6+ Kb8 23. Qd6 Qxd6 24. exd6 Be4 25. Rxc3 Rd8 26. Bb2 1-0

[Event "Early-Titled-Tuesday-Blitz-October-17-2023"]
[Site "Chess.com"]
[Date "2023.10.17"]
[Round "6"]
[White "Witty_Alien"]
[Black "FunnyDuck66"]
[Result "0-1"]
[WhiteElo "2239"]
[BlackElo "2464"]
[TimeControl "180+1"]
[EndTime "9:10:02 PDT"]
[Termination "FunnyDuck66 won on time"]

1. e4 c6 2. d4 d5 3. Nd2 dxe4 4. Nxe4 Nf6 5. Ng5 Bf5 6. Bc4 e6 7. N1f3 Nbd7 8. O-O h6 9. Nh3 Bxh3 10. gxh3 Bd6 11. Kh1 Ne4 12. Be3 Ndf6 13. Rg1 g5 14. Bd3 Qc7 15. c4 O-O-O 16. Qa4 Kb8 17. d5 Bc5 18.
d6 Qxd6 19. Rad1 Qc7 20. Bxc5 Nxc5 21. Qa3 Nce4 22. Rg2 Qf4 23. Bxe4 Rxd1+ 24. Ng1 Nxe4 25. Qe7 Qf3 0-1

[Event "Early-Titled-Tuesday-Blitz-October-17-2023"]
[Site "Chess.com"]
[Date "2023.10.17"]
[Round "6"]
[White "Bala-Afiada"]
[Black "dontcatchmeifyoucant"]
[Result "0-1"]
[WhiteElo "1904"]
[BlackElo "2164"]
[TimeControl "180+1"]
[EndTime "9:10:02 PDT"]
[Termination "dontcatchmeifyoucant won by resignation"]

1. d4 Nf6 2. c4 e6 3. g3 d5 4. Nf3 Be7 5. Bg2 O-O 6. O-O dxc4 7. Ne5 Nc6 8. Bxc6 bxc6 9. Nxc6 Qe8 10. Nxe7+ Qxe7 11.
Qc2 c5 12. Qxc4 cxd4 13. Qxd4 e5 14. Qh4 Ba6 15. Nc3 h6 16. Ne4 Nd5 17. Qxe7 Nxe7 18.
Nc3 f5 19. Be3 f4 20. Bc5 Rf7 21. Bxe7 Rxe7 22. gxf4 exf4 23. Rfe1 Rf8 24. Rad1 Rf6 25. Nd5 Rg6+ 26. Kh1 Bb7 27. f3 Rf7 28. Rd4 Rd6 29. Ne7+ Rxe7 30. Rxd6 Bxf3+ 31. Kg1 Bxe2 32. Kf2 f3 33. Rd2 g5 34. Rexe2 fxe2 35. Rxe2 Rf7+ 36. Kg3 Kg7 37. Re6 Rb7 38. b3 Rd7 39. a4 Rb7 40.
Re4 Rxb3+ 41. Kg4 Kf6 42. Rc4 Rb6 43. Rc5 Rd6 44. Rc4 a6 45. Kg3 Kg6 46. h3 Kh5 47. Rd4 Rxd4 0-1

[Event "Early-Titled-Tuesday-Blitz-October-17-2023"]
[Site "Chess.com"]
[Date "2023.10.17"]
[Round "6"]
[White "Treasurechess777"]
[Black "WiktoriaPOL"]
[Result "1-0"]
[WhiteElo "2458"]
[BlackElo "2293"]
[TimeControl "180+1"]
[EndTime "9:10:04 PDT"]
[Termination "Treasurechess777 won by resignation"]

1. Nf3 Nf6 2. b3 g6 3. Bb2 Bg7 4. c4 O-O 5. d3 c6 6. Nbd2 d5 7. e3 Nbd7 8. Be2 Re8 9. Ne5 Qc7 10. f4 e6 11. O-O b6 12. Rc1 Qd6 13. Ndf3 Bb7 14. Ng5 Rf8 15. e4 dxe4 16. dxe4 Qxd1 17. Rcxd1 Nc5 18. Ngxf7 Rxf7 19. Nxf7 Kxf7 20. e5 Nfe4 21. b4 Na4 22. Rd7+ Kg8 23. Rxb7 Nxb2 24. Rb1 Na4 25. Bg4 Re8 26. Rd1 h5 27. Bf3 Nac3 28. Rdd7 Bf8 29.
a3 c5 30. b5 Bh6 31. g3 Rf8 32. Rxa7 Nb1 33. Bxe4 1-0

[Event "Early-Titled-Tuesday-Blitz-October-17-2023"]
[Site "Chess.com"]
[Date "2023.10.17"]
[Round "6"]
[White "Haykoooo0o"]
[Black "KVAIDAN"]
[Result "1-0"]
[WhiteElo "2445"]
[BlackElo "2274"]
[TimeControl "180+1"]
[EndTime "9:10:08 PDT"]
[Termination "Haykoooo0o won by checkmate"]

1. b3 c6 2. Bb2 d6 3. e3 Nd7 4. Nf3 Qc7 5. Be2 h6 6. O-O Ngf6 7. c4 g5 8. Nc3 Bg7 9. d4 Nf8 10. d5 Ng6 11. Qc2 g4 12. Nd4 h5 13. Nf5 Bf8 14.
dxc6 bxc6 15. Rad1 Ne5 16. Ne4 Nxe4 17. Qxe4 Rg8 18.
c5 Rg5 19. Nd4 d5 20. Qc2 Bg7 21. b4 a6 22. f4 gxf3 23. Nxf3 Ng4 24. Bxg7 Rxg7 25.
Qc3 f6 26. h3 Qg3 27. hxg4 hxg4 28. Qe1 gxf3 29. Qxg3 Rxg3 30. Bxf3 Kf7 31. Kf2 Rg5 32. Rh1 Bf5 33. Rh4 Rag8 34. a4 e5 35. Rh2 Bc2 36.
Ra1 Bd3 37. b5 axb5 38. axb5 Bxb5 39. Ra7+ Ke6 40. g4 e4 41. Rhh7 Re8 42. Bd1 d4 43. Bb3+ Ke5 44. Rhe7+ Rxe7 45. Rxe7# 1-0

[Event "Early-Titled-Tuesday-Blitz-October-17-2023"]
[Site "Chess.com"]
[Date "2023.10.17"]
[Round "6"]
[White "Fore_Man"]
[Black "jraosam"]
[Result "0-1"]
[WhiteElo "2321"]
[BlackElo "2100"]
[TimeControl "180+1"]
[EndTime "9:10:08 PDT"]
[Termination "jraosam won by resignation"]

1. Nf3 Nf6 2. c4 e6 3. d4 d5 4. g3 dxc4 5. Bg2 Bb4+ 6. Bd2 c5 7. Bxb4 cxb4 8. Qa4+ Nc6 9. Ne5 Nd5 10. Nxc6 Qd7 11. Nd2 c3 12. bxc3 bxc3 13. Nc4 Qxc6 14. Qxc6+ bxc6 15. Ne5 Bd7 16. O-O f6 17. Nc4 Nb6 18. Na5 Rc8 19. Rfc1 c5 20. dxc5 Rxc5 21. Nb7 Rc7 22.
Nd6+ Ke7 23. Ne4 Rhc8 24. Rc2 Ba4 25. Rcc1 f5 26. Ng5 Kf6 27. Nf3 e5 28. Rab1 g5 29.
h4 g4 30. Ne1 c2 31. Rb4 Rc4 32. Rxc4 Rxc4 33. Nd3 e4 34. Nb2 Rd4 35. Bf1 Rd1 36. Nxd1 cxd1=Q 37. Rxd1 Bxd1 38. e3 Ke5 39. Bb5 Ba4 40.
Ba6 Bc6 41. Kf1 Bd5 42. Ke1 Bxa2 43. Kd2 Bc4 44. Bb7 Nd5 45. Kc2 a5 46. Kb2 Bb5 47.
Kb3 h6 48. Bc8 Nb4 0-1

[Event "Early-Titled-Tuesday-Blitz-October-17-2023"]
[Site "Chess.com"]
[Date "2023.10.17"]
[Round "6"]
[White "SashaKuzhilniy"]
[Black "LangesNasenhaar"]
[Result "1-0"]
[WhiteElo "2625"]
[BlackElo "2501"]
[TimeControl "180+1"]
[EndTime "9:10:10 PDT"]
[Termination "SashaKuzhilniy won on time"]

1. b3 Nf6 2. Bb2 g6 3. Nf3 Bg7 4. g3 c6 5. Bg2 O-O 6. O-O Qa5 7. d3 d6 8. Nbd2 Qh5 9. e4 Bh3 10. Nh4 Qxd1 11. Raxd1 Bxg2 12. Nxg2 a5 13. Ne3 a4 14. f4 axb3 15. axb3 Ra2 16. Bc3 Ng4 17. Bxg7 Nxe3 18.
Bxf8 Kxf8 19. Ra1 Rxc2 20. Rf2 Na6 21. Nc4 Rxf2 22. Kxf2 Nc2 23. Rc1 Ncb4 24. Ke3 Nc5 25. d4 Ne6 26. Na5 Nd8 27. Rc4 Na6 28. Ra4 Nc7 29. Nxb7 Nde6 30. Rc4 1-0

[Event "Early-Titled-Tuesday-Blitz-October-17-2023"]
[Site "Chess.com"]
[Date "2023.10.17"]
[Round "6"]
[White "Payyappat"]
[Black "DKmirl"]
[Result "1-0"]
[WhiteElo "2467"]
[BlackElo "2275"]
[TimeControl "180+1"]
[EndTime "9:10:10 PDT"]
[Termination "Payyappat won on time"]

1. e4 c5 2. Nf3 Nc6 3. d4 cxd4 4. Nxd4 Nf6 5. Nc3 e5 6. Ndb5 d6 7. Bg5 a6 8. Na3 b5 9. Nd5 Be7 10. Bxf6 gxf6 11. Bd3 O-O 12. O-O Be6 13. f4 Kh8 14. Qh5 Rg8 15. c4 Rg7 16. cxb5 axb5 17. Nxb5 Qg8 18.
Rf2 Bg4 19. Qh4 exf4 20. Nxe7 Nxe7 21. Qxf6 Ng6 22. Nxd6 Rd8 23. Nxf7+ Qxf7 24. Qxd8+ Nf8 25. Qd4 Ne6 26. Qc3 h5 27. Raf1 Kg8 28. Bc4 h4 29. Bxe6 Qxe6 30. Rxf4 h3 31. Qb3 1-0

[Event "Early-Titled-Tuesday-Blitz-October-17-2023"]
[Site "Chess.com"]
[Date "2023.10.17"]
[Round "6"]
[White "carokannlover213"]
[Black "Fan_Of_Chucky"]
[Result "1-0"]
[WhiteElo "2723"]
[BlackElo "2495"]
[TimeControl "180+1"]
[EndTime "9:10:12 PDT"]
[Termination "carokannlover213 won by checkmate"]

1. e4 c5 2. c3 a6 3. d4 cxd4 4. cxd4 d5 5. e5 Nc6 6. Nf3 Bg4 7. Nbd2 Qb6 8. h3 Bxf3 9. Nxf3 e6 10. a3 Nge7 11. Bd3 g6 12. O-O Nf5 13. Bxf5 gxf5 14. b4 Be7 15. Be3 Rg8 16. Kh2 O-O-O 17. Rc1 Kb8 18.
Rg1 Rg7 19. g4 fxg4 20. Rxg4 Rdg8 21. Rxg7 Rxg7 22. Qd3 f6 23. Bf4 fxe5 24. Nxe5 Ka8 25. Nxc6 bxc6 26. Qe3 Rg6 27. Qe5 Kb7 28. Qb8# 1-0

[Event "Early-Titled-Tuesday-Blitz-October-17-2023"]
[Site "Chess.com"]
[Date "2023.10.17"]
[Round "6"]
[White "Ramosha"]
[Black "ErikRonka"]
[Result "1-0"]
[WhiteElo "2629"]
[BlackElo "2504"]
[TimeControl "180+1"]
[EndTime "9:10:12 PDT"]
[Termination "Ramosha won by resignation"]

1. e4 c5 2. Nf3 e6 3. d4 cxd4 4. Nxd4 Nf6 5. Nc3 d6 6. Be2 Nc6 7. g4 h6 8. Be3 a6 9. h4 Nxd4 10.
Qxd4 e5 11. Qa4+ Bd7 12. Qb3 b5 13. O-O-O Be6 14. Nd5 Nxe4 15. Bf3 Nc5 16. Bxc5 dxc5 17. Qe3 Rc8 18. Qxe5 Qa5 19. Rhe1 c4 20. Nf4 Qc7 21.
Nxe6 Qxe5 22. Rxe5 fxe6 23. Rxe6+ Kf7 24. Rxa6 Bc5 25.
Bd5+ Kf8 26. Be6 Re8 27. Rd7 Be7 28. h5 g6 29. hxg6 Kg7 30. Bf7 Bg5+ 31. Kd1 Rd8 32. Rad6 Rxd7 33. Rxd7 Rd8 34. Rxd8 Bxd8 35. c3 Bf6 36. Kc2 Be7 37. b3 cxb3+ 38. Kxb3 Bc5 39. f3 Bd6 40. c4 bxc4+ 41. Kxc4 Kf6 42. a4 Be5 43. a5 Kg5 44. a6 Bb8 45. g7 1-0

[Event "Early-Titled-Tuesday-Blitz-October-17-2023"]
[Site "Chess.com"]
[Date "2023.10.17"]
[Round "6"]
[White "JoliyRoger"]
[Black "Sadykov_Ramil"]
[Result "0-1"]
[WhiteElo "2457"]
[BlackElo "2611"]
[TimeControl "180+1"]
[EndTime "9:10:12 PDT"]
[Termination "Sadykov_Ramil won on time"]

1. Nf3 c5 2. c4 Nc6 3. Nc3 e5 4. e3 f5 5. d3 Nf6 6. a3 Be7 7. Be2 d5 8. O-O d4 9. exd4 exd4 10. Na4 O-O 11. Rb1 a6 12. b3 b5 13. Nb2 Kh8 14.
Bg5 Be6 15. Rc1 Rb8 16. Bxf6 Rxf6 17. cxb5 axb5 18. Re1 Na5 19. Nd2 Qg8 20. Bf3 Bd6 21. a4 Bf4 22. Rxc5 Bxd2 23. Qxd2 Nxb3 24. Qc2 Nxc5 25. Qxc5 bxa4 26. Nxa4 Qd8 0-1

[Event "Early-Titled-Tuesday-Blitz-October-17-2023"]
[Site "Chess.com"]
[Date "2023.10.17"]
[Round "6"]
[White "Smiechu"]
[Black "HouseOfDurin"]
[Result "1-0"]
[WhiteElo "2494"]
[BlackElo "2284"]
[TimeControl "180+1"]
[EndTime "9:10:12 PDT"]
[Termination "Smiechu won by checkmate"]

1. e4 c5 2. Nf3 Nc6 3. d4 cxd4 4. Nxd4 g6 5. Nc3 Bg7 6. Be3 d6 7. f3 Nf6 8. Qd2 h5 9. Bc4 Nxd4 10. Bxd4 Bd7 11. Bb3 Qa5 12. O-O-O Rc8 13. Kb1 b5 14. Bxf6 Bxf6 15. Nd5 Qxd2 16. Nxf6+ exf6 17. Rxd2 Ke7 18. Rhd1 Rc6 19. Bd5 Rb6 20. c3 Be6 21. b3 Rc8 22. Kb2 f5 23. exf5 Bxf5 24. Re1+ Kf6 25. Be4 Re8 26. Rde2 Bxe4 27. Rxe4 Rxe4 28. Rxe4 d5 29. Rd4 Rd6 30. a4 bxa4 31. Rxa4 a6 32. Kc2 Ke5 33. Kd3 Rb6 34. b4 Rd6 35. Ra5 Kf4 36.
Kd4 Re6 37. Kxd5 Ke3 38. c4 h4 39. c5 h3 40. Ra3+ Kf2 41. gxh3 Re1 42. Rc3 Rb1 43. c6 Rxb4 44. c7 Rb5+ 45. Rc5 Rxc5+ 46. Kxc5 Kxf3 47. c8=Q Kg2 48. Qxa6 Kxh2 49. Qf6 Kxh3 50. Qxf7 g5 51. Kd4 g4 52. Ke3 g3 53. Kf3 Kh2 54. Qh5+ Kg1 55.
Kxg3 Kf1 56. Qd1# 1-0

[Event "Early-Titled-Tuesday-Blitz-October-17-2023"]
[Site "Chess.com"]
[Date "2023.10.17"]
[Round "6"]
[White "ssunu"]
[Black "Khuslen2008"]
[Result "0-1"]
[WhiteElo "1924"]
[BlackElo "2277"]
[TimeControl "180+1"]
[EndTime "9:10:12 PDT"]
[Termination "Khuslen2008 won by resignation"]

1. e4 c5 2. Nf3 e6 3. d4 cxd4 4. Nxd4 Nf6 5. Nc3 d6 6. Be3 a6 7. f3 Nbd7 8. Qd2 b5 9. O-O-O Bb7 10. g4 Ne5 11. g5 Nfd7 12. h4 Rc8 13. Bh3 Nc5 14. Kb1 Nc4 15. Qf2 Qa5 16. Nb3 Nxb3 17. cxb3 Nxb2 18. Qxb2 Qxc3 19. Qe2 Qb4 20. Rd4 Qa5 21.
Rhd1 Be7 22. h5 b4 23. g6 hxg6 24. hxg6 Rxh3 25. gxf7+ Kxf7 26. Qg2 Rch8 27. Qg4 Rh2 28. Bd2 Qe5 29. Rxb4 Ba8 30. f4 Bxe4+ 31. Rxe4 Qxe4+ 32. Kc1 d5 0-1

[Event "Early-Titled-Tuesday-Blitz-October-17-2023"]
[Site "Chess.com"]
[Date "2023.10.17"]
[Round "6"]
[White "Zhigalko_Sergei"]
[Black "AvitalBor"]
[Result "1-0"]
[WhiteElo "2952"]
[BlackElo "2834"]
[TimeControl "180+1"]
[EndTime "9:10:16 PDT"]
[Termination "Zhigalko_Sergei won on time"]

1. e4 e5 2. Nf3 Nc6 3. Bc4 Bc5 4. b4 Bxb4 5. c3 Ba5 6. d4 exd4 7. O-O d6 8. Qb3 Qe7 9. cxd4 Bb6 10. Nc3 Na5 11. Qa4+ Bd7 12. Bb5 Nf6 13. e5 dxe5 14. Ba3 Qe6 15. dxe5 Ng4 16. Ng5 Bxb5 17. Nxb5 Qxe5 18.
Nxc7+ 1-0

[Event "Early-Titled-Tuesday-Blitz-October-17-2023"]
[Site "Chess.com"]
[Date "2023.10.17"]
[Round "6"]
[White "Casper"]
[Black "mary-sanna"]
[Result "1-0"]
[WhiteElo "2391"]
[BlackElo "2170"]
[TimeControl "180+1"]
[EndTime "9:10:18 PDT"]
[Termination "Casper won on time"]

1. e4 c5 2. d4 cxd4 3. Qxd4 Nc6 4. Qe3 d6 5. Nc3 Nf6 6. Bd2 e6 7. O-O-O Be7 8. h4 Ng4 9. Qg3 h5 10. f3 Nf6 11. Qxg7 Rg8 12. Qh6 Ne5 13. Kb1 Bd7 14.
Nh3 Qb6 15. Be3 Qa5 16. Bd2 Qb6 17. Qe3 Qxe3 18. Bxe3 b6 19. Nb5 Rd8 20. Nc7+ Kf8 21. Bh6+ Rg7 22. Nb5 d5 23. exd5 Nxd5 24. Nd4 Bxh4 25.
c4 Nf6 26. Nf4 Bf2 27. Nxh5 Nxh5 28. Rxh5 Ng6 29. Nc6 Rc8 30. Rxd7 Rxc6 31. Rd8+ Ke7 32. Rd2 Be3 33. Bxe3 Nf8 34. c5 1-0

[Event "Early-Titled-Tuesday-Blitz-October-17-2023"]
[Site "Chess.com"]
[Date "2023.10.17"]
[Round "6"]
[White "slorovel"]
[Black "Nf3c5"]
[Result "0-1"]
[WhiteElo "2471"]
[BlackElo "2612"]
[TimeControl "180+1"]
[EndTime "9:10:19 PDT"]
[Termination "Nf3c5 won by checkmate"]

1. Nf3 d5 2. g3 c6 3. Bg2 Nf6 4. O-O Bf5 5. c4 e6 6. Qb3 Qb6 7. d3 Nbd7 8. Nbd2 Be7 9. Qc2 h6 10. cxd5 exd5 11. e4 dxe4 12. dxe4 Bh7 13. Nc4 Qa6 14.
Re1 O-O 15. Nfd2 Rfe8 16. b3 Rad8 17. Bb2 Nc5 18. Re3 Ng4 19. Re2 Nd3 20. Rf1 b5 21. Ne3 Nb4 22. Qc3 Nf6 23. a3 Rd3 24. Qc1 Na2 25. Qc2 Red8 26. Bxf6 Bxf6 27. Qxa2 Bc3 28. Nf3 Bxe4 29. Ne1 Bxg2 30. N1xg2 Bf6 31. Qc2 Qb6 32. Nf4 R3d7 33. Ng4 Bg5 34. Qf5 Rd4 35. Re4 R4d6 36. h4 Bxf4 37. Rxf4 Qb7 38. Re1 a5 39. Qe5 Re6 40. Qc3 Qe7 41. Rxe6 Qxe6 42. h5 Rd1+ 43. Kh2 Qd5 44. Qf3 Qxh5+ 45. Kg2 Qh1# 0-1

[Event "Early-Titled-Tuesday-Blitz-October-17-2023"]
[Site "Chess.com"]
[Date "2023.10.17"]
[Round "6"]
[White "ChesscularGodofchess"]
[Black "KorolDimitriy75"]
[Result "1/2-1/2"]
[WhiteElo "2205"]
[BlackElo "2403"]
[TimeControl "180+1"]
[EndTime "9:10:19 PDT"]
[Termination "Game drawn by repetition"]

1. d4 Nf6 2. Nf3 g6 3. Nbd2 c5 4. e3 cxd4 5. exd4 d5 6. h3 Bg7 7. Bd3 O-O 8. O-O Nc6 9. c3 Rb8 10. Qe2 a6 11. a4 Bd7 12. Ne5 Nxe5 13. dxe5 Ne8 14. Nf3 Nc7 15. Be3 b5 16. axb5 Bxb5 17. Bxb5 axb5 18. Ra7 b4 19. Bc5 bxc3 20. bxc3 Re8 21.
Nd4 Qd7 22. Re1 Ra8 23. e6 fxe6 24. Nxe6 Qxe6 25. Rxc7 Qxe2 26. Rxe2 e5 27. g3 Rac8 28. Bd6 Rxc7 29. Bxc7 e4 30. Ba5 Rc8 31. Re3 Bh6 32.
Re2 Bg7 33. Re3 Bh6 34. Re2 Bg7 1/2-1/2

[Event "Early-Titled-Tuesday-Blitz-October-17-2023"]
[Site "Chess.com"]
[Date "2023.10.17"]
[Round "6"]
[White "MFatigue"]
[Black "PeshkaCh"]
[Result "0-1"]
[WhiteElo "2556"]
[BlackElo "2815"]
[TimeControl "180+1"]
[EndTime "9:10:20 PDT"]
[Termination "PeshkaCh won by resignation"]

1. e4 e5 2. Nf3 Nc6 3. d4 exd4 4. Bc4 Nf6 5. O-O Nxe4 6. Re1 d5 7. Bxd5 Qxd5 8.
Nc3 Qh5 9. Nxe4 Be6 10. Bg5 Be7 11. Bxe7 Nxe7 12. Nxd4 Qxd1 13. Raxd1 O-O-O 14. Nxe6 fxe6 15. Ng5 Rxd1 16. Rxd1 e5 17. Nf7 Re8 18. Nxe5 Nf5 19. Nf3 Nd6 20. Re1 Rd8 21. Kf1 Nc4 22. b3 Nd2+ 23. Ke2 Ne4 24. Ke3 Nc3 25. Ne5 Nxa2 26. f4 Nb4 27. Re2 b5 28. g4 a5 29. c4 a4 30.
bxa4 bxa4 31. Rb2 c5 32. Ke4 Rd1 33. Kf5 a3 34. Rb3 a2 0-1

[Event "Early-Titled-Tuesday-Blitz-October-17-2023"]
[Site "Chess.com"]
[Date "2023.10.17"]
[Round "6"]
[White "Happy1712Drummer"]
[Black "GeorgiosSouleidis"]
[Result "0-1"]
[WhiteElo "2381"]
[BlackElo "2610"]
[TimeControl "180+1"]
[EndTime "9:10:20 PDT"]
[Termination "GeorgiosSouleidis won on time"]

1. e4 c5 2. Nf3 e6 3. c3 d5 4. e5 d4 5. Bd3 Bd7 6. O-O Bc6 7. Re1 g5 8. h3 h5 9. Be4 g4 10. Nh2 gxh3 11. gxh3 Ne7 12. d3 Bxe4 13. Rxe4 Nbc6 14. Bg5 Qc7 15. f4 Nf5 16. Na3 Be7 17. Nf3 O-O-O 18. h4 Kb8 19. Rc1 dxc3 20. bxc3 Qd7 21.
d4 cxd4 22. Nc4 dxc3 23. Qb3 Qd5 0-1